 Dungeon Crawl Stone Soup version 0.21.1-1-g345015f (webtiles) character file.

2 shakethe the Firebug (level 1, 9/10 HPs)
             Began as a Deep Elf Fire Elementalist on Feb 8, 2018.
             Quit the game on level 1 of the Dungeon.
             The game lasted 00:00:26 (25 turns).

shakethe the Firebug (Deep Elf Fire Elementalist)     Turns: 25, Time: 00:00:28

Health: 9/10       AC:  2    Str:  5    XL:     1   Next: 25%
Magic:  5/6        EV: 13    Int: 19    God:
Gold:   0          SH:  0    Dex: 15    Spells: 5/6 levels left

rFire    . . .     SeeInvis .   (no weapon)
rCold    . . .     Gourm    .   (no shield)
rNeg     . . .     Faith    .   a - +0 robe
rPois    .         Spirit   .   (no helmet)
rElec    .         Reflect  .   (no cloak)
rCorr    .         Harm     .   (no gloves)
MR       .....                  (no boots)
Stlth    ++........             (no amulet)
HPRegen  0.03/turn              (no ring)
MPRegen  0.10/turn              (no ring)

@: no status effects
A: no striking features
a: no special abilities


You were on level 1 of the Dungeon.
You were not hungry.

You visited 1 branch of the dungeon, and saw 1 of its levels.

Inventory:

Hand Weapons
 e - a +0 dagger
   (You took it off a kobold on level 1 of the Dungeon)
Armour
 a - a +0 robe (worn)
Potions
 d - a potion of berserk rage {unknown}
Books
 b - a book of Flames
Comestibles
 c - a ration


   Skills:
 + Level 2.4 Dodging
 + Level 2.4 Stealth
 + Level 3.0 Spellcasting
 + Level 1.1 Conjurations
 + Level 3.3 Fire Magic


You had 5 spell levels left.
You knew the following spells:

 Your Spells              Type           Power        Failure   Level  Hunger
a - Flame Tongue          Conj/Fire      ##...        6%          1    None


Dungeon Overview and Level Annotations

Branches:
Dungeon (1/15)

Altars:


Message History

Welcome, shakethe the Deep Elf Fire Elementalist.
It is said that the Orb of Zot exists deep within this dungeon.
Found a staircase leading out of the dungeon.
A giant cockroach comes into view.
Aim: a giant cockroach (clinging, resting)
The flame tongue hits the giant cockroach.
You kill the giant cockroach!
You now have 5/6 mp.
d - a viscous grey potion You open the door.
A kobold comes into view. It is wielding a dagger.
The kobold shouts!
The kobold throws a stone.
The stone hits you.
You take 1 damage, and have 9/10 hp.
MP restored: 6 You don't know that spell.
Aim: a kobold, wielding a dagger The flame tongue hits the kobold.
You kill the kobold!
You now have 5/6 mp.
There is an open door here.
e - a dagger Unknown command.
Unknown command.
Unknown command.
Okay, then.
Unknown command.
Unknown command.
A dart slug comes into view.
Unknown command.
Welcome back, shakethe the Deep Elf Fire Elementalist.

..# #.....# #.#
##..### #.# ##...##
##.# ##.....##
####..#####.......##
#.......##(......(.#
#........'.........+
#.#...#.##.........#
#..@..#.##........##
#..####.##.#.....##
#.. #.##.##...## #..
#.#..###+## #..
..#.## ##. ##.. w.
#.


You could see a dart slug (wandering).

Vanquished Creatures
  A giant cockroach (D:1)
  A kobold (D:1)
2 creatures vanquished.

Notes
Turn   | Place    | Note
-------+----------+-------------------------------------------
     0 | D:1      | shakethe the Deep Elf Fire Elementalist began the quest for the Orb.
     0 | D:1      | Reached XP level 1. HP: 10/10 MP: 6/6
    25 | D:1      | Quit the game

Action                   || total
-------------------------++-------
 Cast: Flame Tongue      ||     2

Vault maps used:
D:1:      dpeg_arrival_arbitrary_c

Table legend:
 A = Turns spent in this place as a percentage of turns spent in the entire game.
 B = Non-inter-level travel turns spent in this place as a percentage of non-inter-level travel turns spent in the entire game.
 C = Inter-level travel turns spent in this place as a percentage of turns spent in this place.
 D = Turns resting spent in this place as a percentage of non-inter-level travel turns spent in this place.
 E = Turns spent auto-exploring this place as a percentage of non-inter-level travel turns spent in this place.
 F = Non-inter-level travel turns spent in this place divided by the number of levels of this place that you've seen.
                   A       B       C       D       E      F
               +-------+-------+-------+-------+-------+----------------------
         Total | 100.0 | 100.0 |   0.0 |   0.0 |  44.0 |  25.0
       Dungeon | 100.0 | 100.0 |   0.0 |   0.0 |  44.0 |  25.0
               +-------+-------+-------+-------+-------+----------------------

Table legend:
 A = Kills in this place as a percentage of kills in entire the game.
 B = Kills by you in this place as a percentage of kills by you in the entire game.
 C = Kills by friends in this place as a percentage of kills by friends in the entire game.
 D = Other kills in this place as a percentage of other kills in the entire game.
 E = Experience gained in this place as a percentage of experience gained in the entire game.
 F = Experience gained in this place divided by the number of levels of this place that you have seen.
                   A       B       C       D       E      F
               +-------+-------+-------+-------+-------+----------------------
         Total | 100.0 | 100.0 |   N/A |   N/A | 100.0 |   3.0
       Dungeon | 100.0 | 100.0 |   N/A |   N/A | 100.0 |   3.0
               +-------+-------+-------+-------+-------+----------------------
